 Dungeon Crawl Stone Soup version 0.22.1-1-ga44c0e5 (webtiles) character file.

306 sbiou the Ruffian (level 6, -1/50 HPs)
             Began as a Gnoll Wanderer on Oct 1, 2018.
             Slain by a troll (7 damage)
             ... on level 3 of the Dungeon.
             The game lasted 00:10:27 (3038 turns).

sbiou the Ruffian (Gnoll Wanderer)                  Turns: 3038, Time: 00:10:27

Health: -1/50      AC:  7    Str: 19    XL:     6   Next: 39%
Magic:  11/11      EV: 10    Int: 14    God:
Gold:   84         SH:  0    Dex: 12    Spells: 11/11 levels left

rFire    + . .     SeeInvis +   h - +1 short sword (holy)
rCold    . . .     Gourm    .   (no shield)
rNeg     . . .     Faith    .   a - +1 scale mail {rF+}
rPois    .         Spirit   .   (no helmet)
rElec    .         Reflect  .   (no cloak)
rCorr    .         Harm     .   (no gloves)
MR       .....                  (no boots)
Stlth    +.........             (no amulet)
HPRegen  0.16/turn              i - ring of flight
MPRegen  0.12/turn              l - ring of see invisible

@: no status effects
A: distributed training, fangs 1, strong nose
a: Evoke Flight


You were on level 3 of the Dungeon.
You were very hungry.

You visited 1 branch of the dungeon, and saw 4 of its levels.

You collected 84 gold pieces.

Inventory:

Hand Weapons
 b - a +2 blowgun
 h - a +1 short sword of holy wrath (weapon)
Missiles
 c - 36 sling bullets
 k - a curare-tipped needle
 t - 45 arrows
 u - 25 bolts
Armour
 a - a +1 scale mail of fire resistance (worn)
Jewellery
 i - a ring of flight (left hand)
 l - a ring of see invisible (right hand)
Scrolls
 o - a scroll of identify
 q - 2 scrolls of amnesia
Comestibles
 f - 6 rations


   Skills:
 + Level 4.9 Fighting
 + Level 1.9 Short Blades
 + Level 1.9 Long Blades
 + Level 1.9 Axes
 + Level 1.9 Maces & Flails
 + Level 1.9 Polearms
 + Level 1.9 Staves
 + Level 1.9 Slings
 + Level 1.9 Bows
 + Level 1.9 Crossbows
 + Level 4.9 Throwing
 + Level 1.9 Armour
 + Level 1.9 Dodging
 + Level 3.0 Stealth
 + Level 1.9 Shields
 + Level 4.9 Unarmed Combat
 + Level 3.4 Spellcasting
 + Level 1.5 Conjurations
 + Level 1.5 Hexes
 + Level 1.5 Charms
 + Level 1.5 Summonings
 + Level 2.6 Necromancy
 + Level 1.5 Translocations
 + Level 1.5 Transmutations
 + Level 1.5 Fire Magic
 + Level 2.6 Ice Magic
 + Level 1.5 Air Magic
 + Level 1.5 Earth Magic
 + Level 1.5 Poison Magic
 + Level 2.1 Invocations
 + Level 1.9 Evocations


You had 11 spell levels left.
You didn't know any spells.
Your spell library was empty.

Dungeon Overview and Level Annotations

Branches:
Dungeon (4/15)
 Temple: D:4-7

Altars:
Okawaru
Yredelemnul

Annotations:
D:3 Blork the orc


Innate Abilities, Weirdness & Mutations

Your experience applies equally to all skills.
You have very sharp teeth.
Your uncanny sense of smell can sniff out nearby items.


Message History

You are too injured to fight recklessly!
You are too injured to fight recklessly!
You are too injured to fight recklessly!
You are too injured to fight recklessly!
You are too injured to fight recklessly!
You are too injured to fight recklessly!
You are too injured to fight recklessly!
There is a stone staircase leading up here.
You can't go down here!
The troll barely misses you. The troll claws you.
* * * LOW HITPOINT WARNING * * *
The troll claws you.
* * * LOW HITPOINT WARNING * * *
You climb upwards.
Level annotation: Blork the orc
There is a stone staircase leading down here.
The troll bites you.
* * * LOW HITPOINT WARNING * * *
The troll claws you!
You die...

#.# #.......##..# ###.##
#.# ####...####..# #.....
#.#
#.##...####..####.....
#.#
#.##...##......)).....
#.#
#.###.###.#.#...#.....
#.# #.# #.#
#............. #.# #.#
#.# #.#.#...###.##
#.####.###.###.#.##.##
#.##
#......>.T@....#.##.#
#...
####.....#####.#.##.#
#.##
#........###.#.##.####.#
##...)รท................#
##...............####.#
##.....###.#.#### #.#
##....# #.#.# ### #....#
#.#.# ##### #....###.#.#
#...#


You could see a troll.

Vanquished Creatures
  3 orc priests (D:3)
  An orc wizard (D:3)
  Natasha (twice) (D:3)
  3 adders
  An ooze (D:3)
  6 worms
  3 dart slugs
  6 leopard geckos
  10 orcs (D:3)
  7 bats
  3 giant cockroaches (D:3)
  4 hobgoblins
  7 jackals
  2 quokkas (D:3)
  A ball python (D:2)
  2 frilled lizards
  6 goblins
  10 kobolds
  A kobold skeleton (D:3)
  3 rats
81 creatures vanquished.

Notes
Turn   | Place    | Note
-------+----------+-------------------------------------------
     0 | D:1      | sbiou the Gnoll Wanderer began the quest for the Orb.
     0 | D:1      | sbiou set off with: 4 curare-tipped needles, a +2 blowgun,
                  | a +0 spear, a potion of lignification, a +0 robe, a ration
     0 | D:1      | Reached XP level 1. HP: 20/20 MP: 4/4
   149 | D:1      | Reached XP level 2. HP: 26/26 MP: 5/5
   517 | D:1      | Reached XP level 3. HP: 10/31 MP: 7/7
  1004 | D:2      | Reached skill level 1 in Invocations
  1325 | D:2      | Found an iron altar of Okawaru.
  1336 | D:2      | Reached skill level 1 in Short Blades
  1336 | D:2      | Reached skill level 1 in Long Blades
  1336 | D:2      | Reached skill level 1 in Axes
  1336 | D:2      | Reached skill level 1 in Maces & Flails
  1336 | D:2      | Reached skill level 1 in Polearms
  1336 | D:2      | Reached skill level 1 in Staves
  1336 | D:2      | Reached skill level 1 in Slings
  1336 | D:2      | Reached skill level 1 in Bows
  1336 | D:2      | Reached skill level 1 in Crossbows
  1336 | D:2      | Reached skill level 1 in Armour
  1336 | D:2      | Reached skill level 1 in Dodging
  1336 | D:2      | Reached skill level 1 in Shields
  1336 | D:2      | Reached skill level 1 in Evocations
  1336 | D:2      | Reached XP level 4. HP: 29/38 MP: 8/8
  1657 | D:3      | Reached skill level 1 in Conjurations
  1657 | D:3      | Reached skill level 1 in Hexes
  1657 | D:3      | Reached skill level 1 in Charms
  1657 | D:3      | Reached skill level 1 in Summonings
  1657 | D:3      | Reached skill level 1 in Translocations
  1657 | D:3      | Reached skill level 1 in Transmutations
  1657 | D:3      | Reached skill level 1 in Fire Magic
  1657 | D:3      | Reached skill level 1 in Air Magic
  1657 | D:3      | Reached skill level 1 in Earth Magic
  1657 | D:3      | Reached skill level 1 in Poison Magic
  1663 | D:3      | Reached XP level 5. HP: 37/43 MP: 9/9
  1680 | D:3      | HP: 2/43 [worm (1)]
  2465 | D:3      | Reached XP level 6. HP: 33/50 MP: 10/10
  2657 | D:3      | Noticed Natasha
  2666 | D:3      | Killed Natasha
  2758 | D:3      | Found a runed door.
  2758 | D:3      | Noticed a human
  2760 | D:3      | Found a basalt altar of Yredelemnul.
  2791 | D:3      | Noticed Natasha
  2802 | D:3      | Killed Natasha
  2871 | D:3      | Noticed Blork the orc
  3017 | D:4      | Noticed a troll
  3038 | D:3      | Slain by a troll

Skill      XL: |  1  2  3  4  5  6 |
---------------+-------------------+-----
Necromancy     | 2 |  2.6
Ice Magic      | 2 |  2.6
Invocations    | 1 2 |  2.1
Short Blades   | 1 |  1.9
Long Blades    | 1 |  1.9
Axes           | 1 |  1.9
Maces & Flails | 1 |  1.9
Polearms       | 1 |  1.9
Staves         | 1 |  1.9
Slings         | 1 |  1.9
Bows           | 1 |  1.9
Crossbows      | 1 |  1.9
Armour         | 1 |  1.9
Dodging        | 1 |  1.9
Shields        | 1 |  1.9
Evocations     | 1 |  1.9
Spellcasting   | 3 |  3.4
Conjurations   | 1 |  1.5
Hexes          | 1 |  1.5
Charms         | 1 |  1.5
Summonings     | 1 |  1.5
Translocations | 1 |  1.5
Transmutations | 1 |  1.5
Fire Magic     | 1 |  1.5
Air Magic      | 1 |  1.5
Earth Magic    | 1 |  1.5
Poison Magic   | 1 |  1.5
Stealth        | 3 |  3.0
Fighting       | |  4.9
Throwing       | |  4.9
Unarmed Combat | |  4.9

Action                   |  1- 3 |  4- 6 || total
-------------------------+-------+-------++-------
Melee: Spear             |    12 |       ||    12
       Short sword       |    82 |   180 ||   262
       Bite              |    10 |    24 ||    34
       Punch             |     1 |     2 ||     3
 Fire: Blowgun           |    28 |     1 ||    29
  Use: Potion            |       |     8 ||     8
       Scroll            |       |     4 ||     4
 Stab: Sleeping          |     1 |       ||     1
       Distracted        |       |     1 ||     1
  Eat: Chunk             |       |     6 ||     6
Armor: Robe              |     5 |       ||     5
       Chain mail        |    29 |    25 ||    54
       Skin              |       |    98 ||    98
       Scale mail        |       |    52 ||    52
Dodge: Dodged            |    51 |    87 ||   138
